 Dungeon Crawl Stone Soup version 0.30.0-13-g156ef70053 (webtiles) character file.

Game seed: 1859058346741109092

222 SnakkuSnakku7 the Shooter (level 5, -3/29 HPs)
             Began as a Tengu Hexslinger on May 17, 2023.
             Killed by divine providence
             ... invoked by an orc priest
              (11 damage)
             ... on level 4 of the Dungeon.
             The game lasted 00:03:51 (2422 turns).

SnakkuSnakku7 the Shooter (Tengu Hexslinger)        Turns: 2422, Time: 00:03:51

Health: -3/29      AC:  5    Str: 13    XL:     5   Next: 99%
Magic:  0/7        EV: 15    Int: 16    God:
Gold:   204        SH:  0    Dex: 25    Spells: 5/6 levels left

rFire   . . .        a - +1 sling
rCold   . . .        (no shield)
rNeg    . . .        t - +2 leather armour of Lugonu's Benevolence {Str+3 Int+2 Dex+3}
rPois   .            (helmet restricted)
rElec   .            (no cloak)
rCorr   .            (no gloves)
SInv    .            (boots unavailable)
Will    .....        o - amulet of guardian spirit
Stlth   ++           d - +6 ring of dexterity
HPRegen 0.24/turn    (no ring)
MPRegen 0.10/turn

%: guardian spirit
@: flying quickly and evasively, quick
A: beak, talons 3, nimble flight
a: no special abilities


You were on level 4 of the Dungeon.
You visited 1 branch of the dungeon, and saw 4 of its levels.

You collected 204 gold pieces.

Inventory:

Hand Weapons
 a - a +1 sling (weapon)
 m - a +0 sling of draining
Missiles
 w - a throwing net
Armour
 c - a +0 robe
 t - the +2 leather armour of Lugonu's Benevolence (worn) {Str+3 Int+2 Dex+3}
   (You found it on level 3 of the Dungeon)

   Str:       It affects your strength (+3).
   Int:       It affects your intelligence (+2).
   Dex:       It affects your dexterity (+3).
Jewellery
 d - a +6 ring of dexterity (left hand)
 o - an amulet of guardian spirit (around neck)
 u - a +6 ring of strength
Scrolls
 b - a scroll of poison
 e - a scroll of magic mapping {unknown}
 h - 2 scrolls of immolation
 k - a scroll of amnesia {unknown}
 l - a scroll of teleportation {unknown}
 n - a scroll of acquirement {unknown}
 q - a scroll of fog
 v - a scroll of enchant weapon {unknown}
 x - a scroll of vulnerability {unknown}
 y - a scroll of noise {unknown}
Potions
 f - a potion of brilliance {unknown}
 g - a potion of degeneration {unknown}
 j - 2 potions of attraction {unknown}
 p - a potion of cancellation {unknown}
 r - a potion of curing


   Skills:
 - Level 1.0 Fighting
 + Level 6.6 Ranged Weapons
 - Level 2.1 Dodging
 - Level 1.0 Spellcasting
 - Level 2.1 Hexes


You had 5 spell levels left.
You knew the following spells:

 Your Spells              Type           Power      Damage    Failure   Level
a - Slow                  Hex            28%        N/A       12%         1

Your spell library contained the following spells:

 Spells                   Type           Power      Damage    Failure   Level
 Kiss of Death            Conj/Necr      0%         2d5       28%         1
 Confusing Touch          Hex            7%         N/A       34%         3
 Inner Flame              Hex/Fire       4%         N/A       50%         3
 Portal Projectile        Hex/Tloc       8%         N/A       50%         3
 Summon Guardian Golem    Hex/Summ       4%         N/A       50%         3
 Cause Fear               Hex            3%         N/A       75%         4
 Dispel Undead            Necr           0%         3d6       96%         4
 Orb of Destruction       Conj           0%         9d5       100%        7
 Spellforged Servitor     Conj/Summ      0%         N/A       100%        7


Dungeon Overview and Level Annotations

Branches:
Dungeon (4/15)
 Temple: D:4-7

Altars:
Okawaru
Xom


Innate Abilities, Weirdness & Mutations

You have a beak for a mouth.
You have claws for feet.
Your magical nature lets you fly swiftly and evasively.


Message History

You shoot a sling bullet. The sling bullet hits the dart slug.
The dart slug is almost dead.
The dart slug launches a dart at you.
The slug dart hits you but does no damage.
You shoot a sling bullet. The sling bullet hits the dart slug!
You kill the dart slug!
As you open the door, it creaks loudly!
You hear a shout! x3
An orc comes into view. It is wielding a +0 mace.
Found a scroll of identify.
An orc is nearby!
Unknown command.
An orc is nearby!
You shoot a sling bullet. The sling bullet hits the orc.
The orc is almost dead.
An orc priest comes into view. It is wielding a +0 trident.
An orc comes into view. It is wielding a +0 hand axe.
You shoot a sling bullet.
The sling bullet hits the orc but does no damage.
The orc is almost dead.
You shoot a sling bullet. The sling bullet hits the orc.
You kill the orc!
You shoot a sling bullet.
The sling bullet barely misses the orc priest.
The orc priest looks braver for a moment.
You shoot a sling bullet. The sling bullet hits the orc.
The orc is severely wounded.
An orc comes into view. It is wielding a +0 war axe.
The orc priest mumbles some strange prayers to Beogh against you.
Beogh smites you!
You shoot a sling bullet. The orc shouts!
The sling bullet hits the orc.
You kill the orc!
The orc priest calls down the wrath of Beogh upon you.
Beogh smites you!
* * * LOW HITPOINT WARNING * * *
An orc priest comes into view. It is wielding a +0 whip.
The orc priest invokes the aid of Beogh against you.
Beogh smites you!
You die...

#....#........#
#...#_#......##
#...)#.......#
#............#
#............#
#............#
#....###+#####
#....##......#
#.....@......#
#.....#...?..#
#....)#.......
#.....#.......
#..oo#########
#..).# #.....
#.o...


You could see 2 orc priests and an orc.

Vanquished Creatures
  Jessica (D:3)
  Ijyb (D:3)
  Robin (D:3)
  4 adders
  A worm (D:4)
  2 dart slugs
  4 orcs
  4 ball pythons
  8 bats
  7 endoplasms
  2 giant cockroaches
  22 goblins
  14 hobgoblins
  7 jackals
  10 kobolds
  A quokka (D:1)
  9 frilled lizards
  6 rats
104 creatures vanquished.

Notes
Turn   | Place    | Note
-------+----------+-------------------------------------------
     0 | D:1      | SnakkuSnakku7 the Tengu Hexslinger began the quest for the
                  | Orb.
     0 | D:1      | Reached XP level 1. HP: 12/12 MP: 3/3
    59 | D:1      | Reached XP level 2. HP: 16/16 MP: 4/4
    65 | D:1      | Reached skill level 3 in Ranged Weapons
   453 | D:1      | Reached XP level 3. HP: 20/20 MP: 5/5
   900 | D:2      | Reached skill level 4 in Ranged Weapons
  1027 | D:2      | Found a shimmering altar of Xom.
  1066 | D:2      | Identified the +0 scale mail of Indecent Exposure {Will+
                  | Int+3}
  1286 | D:2      | Reached XP level 4. HP: 14/25 MP: 4/6
  1492 | D:3      | Reached skill level 5 in Ranged Weapons
  1604 | D:3      | Identified the +2 leather armour of Lugonu's Benevolence
                  | {Str+3 Int+2 Dex+3}
  1711 | D:3      | Gained mutation: Your magical nature lets you fly swiftly
                  | and evasively. [Tengu growth]
  1711 | D:3      | Reached XP level 5. HP: 29/29 MP: 7/7
  1884 | D:3      | Noticed Ijyb
  1928 | D:3      | Killed Ijyb
  1929 | D:3      | Reached skill level 6 in Ranged Weapons
  2077 | D:3      | Noticed Robin
  2104 | D:3      | Killed Robin
  2231 | D:3      | Noticed Jessica
  2234 | D:3      | Killed Jessica
  2375 | D:4      | Found an iron altar of Okawaru.
  2422 | D:4      | Killed from afar by an orc priest

Illustrated notes

Levels and vault maps discovered:
D:1:      evilmike_arrival_rings, layout_basic, minmay_pentomino_s2
D:2:      layout_basic, basic_altar
D:3:      kennysheep_goblin_castle, layout_basic, chequers_serial_rivers_marsh,
          minmay_vboxes, uniq_robin, uniq_jessica
D:4:      layout_gridville, okawaru_metal_pillars_1_2

Skill      XL: |  1  2  3  4  5 |
---------------+----------------+-----
Ranged Weapons | 3 4 5 6 |  6.6
Fighting       | |  1.0
Dodging        | |  2.1
Spellcasting   | |  1.0
Hexes          | |  2.1

Action                     |  1- 3 |  4- 6 || total
---------------------------+-------+-------++-------
   Fire: Sling             |   103 |   165 ||   268
    Use: Scroll            |     1 |     4 ||     5
 Armour: Robe              |     3 |     4 ||     7
         Leather armour    |       |    18 ||    18
  Dodge: Dodged            |    23 |    54 ||    77
